Map: Cañón polvoriento

Players

Kunashigi - Winner!

  • Race: Zerg Zerg
  • Spawn Location: 9:00

Jaben - Winner!

  • Race: Protoss Protoss
  • Spawn Location: 11:00

MrFercho

  • Race: Zerg Zerg
  • League: Silver
  • Spawn Location: 5:00

TATORREA

  • Race: Protoss Protoss
  • League: Silver
  • Spawn Location: 3:00

VOD

Have the link to the VOD?

Description

Time

  • Played on: May 30, 2020, 8:58 p.m.
  • Length: 14:28
Show
View Real Time Build Order
Export as new Build Order

Kunashigi Zerg - Winner!

Build Orders:  

Get SALT Encoding   

  12  0:02  Drone  
  13  0:13  Overlord  
  13  0:20  Drone  
  14  0:31  Drone x2  
  16  7:51  Overlord x3  
  16  9:28  Drone x2  
  16  9:29  Drone  
  19  10:01  Drone x2  
  19  10:05  Extractor  
  20  10:10  Extractor  
  19  11:51  Drone x3  
Show
View Real Time Build Order
Export as new Build Order

Jaben Protoss - Winner!

Build Orders:  

Get SALT Encoding   

  12  0:03  Probe (Chrono Boost)  
  13  0:12  Probe (Chrono Boost)  
  14  0:17  Probe (Chrono Boost)  
  15  0:23  Pylon  
  15  0:41  Probe  
  16  0:47  Forge  
  16  0:53  Probe  
  17  0:59  Gateway  
  17  1:05  Probe  
  18  1:18  Probe  
  19  1:28  Pylon  
  19  1:31  Pylon  
  19  1:39  Pylon  
  19  1:44  Pylon  
  18  2:19  Gateway  
  18  2:21  Probe  
  19  2:24  Assimilator  
  19  2:33  Probe  
  20  2:41  Pylon  
  20  2:44  Pylon  
  20  2:46  Pylon  
  20  2:52  Pylon  
  20  2:53  Zealot  
  22  3:01  Photon Cannon  
  21  3:16  Pylon  
  21  3:20  Zealot  
  23  3:35  Photon Cannon  
  23  3:38  Photon Cannon  
  23  3:42  Cybernetics Core  
  23  3:44  Pylon  
  23  3:48  Zealot  
  25  3:51  Pylon  
  25  4:02  Assimilator  
  24  4:03  Probe (Chrono Boost), Nexus  
  25  4:13  Probe (Chrono Boost)  
  26  4:17  Nexus  
  26  4:18  Probe (Chrono Boost)  
  26  4:40  Probe  
  28  4:52  Probe  
  28  4:55  Assimilator  
  28  4:59  Assimilator  
  28  5:00  Warp Gate (Chrono Boost)  
  28  5:04  Probe  
  28  5:05  Gateway  
  29  5:08  Pylon  
  29  5:10  Pylon  
  29  5:14  Pylon  
  29  5:18  Gateway  
  29  5:22  Gateway  
  29  5:27  Gateway  
  29  5:28  Gateway  
  29  5:30  Gateway  
  29  5:33  Probe  
  30  5:45  Probe (Chrono Boost)  
  31  5:50  Pylon  
  31  5:52  Pylon  
  32  5:57  Probe (Chrono Boost)  
  32  6:06  Assimilator  
  32  6:10  Assimilator  
  32  6:14  Photon Cannon  
  32  6:15  Photon Cannon  
  32  6:17  Photon Cannon  
  32  6:20  Probe  
  33  6:29  Probe  
  34  6:35  Probe  
  35  6:41  Probe  
  35  6:44  Stalker x2  
  35  6:45  Stalker x2  
  35  6:46  Stalker x2  
  48  6:47  Stalker  
  48  6:49  Probe (Chrono Boost)  
  52  6:55  Probe (Chrono Boost)  
  52  6:57  Probe (Chrono Boost)  
  54  7:04  Stargate  
  54  7:05  Probe x2 (Chrono Boost)  
  54  7:07  Stargate  
  55  7:10  Probe (Chrono Boost), Stargate  
  55  7:12  Probe, Stargate  
  55  7:14  Stargate  
  57  7:16  Twilight Council  
  57  7:21  Stalker  
  57  7:22  Stalker x2, Probe  
  48  7:28  Stalker  
  48  7:29  Stalker  
  48  7:34  Probe  
  47  8:08  Probe (Chrono Boost)  
  47  8:10  Void Ray x4  
  65  8:21  Probe (Chrono Boost)  
  65  8:27  Pylon  
  65  8:30  Pylon, Probe (Chrono Boost)  
  65  8:32  Pylon  
  66  8:34  Probe (Chrono Boost)  
  66  8:36  Nexus  
  66  8:39  Assimilator  
  67  8:43  Assimilator, Zealot  
  67  8:44  Probe, Zealot x3  
  67  8:45  Zealot  
  67  8:46  Zealot x2  
  82  8:52  Void Ray  
  82  8:53  Void Ray x3  
  98  8:57  Probe  
  98  9:01  Pylon  
  99  9:06  Pylon  
  99  9:10  Pylon  
  99  9:15  Pylon  
  99  9:18  Pylon  
  99  9:20  Probe (Chrono Boost)  
  100  9:30  Probe (Chrono Boost)  
  101  9:36  Probe (Chrono Boost)  
  101  9:38  Void Ray x2  
  110  9:41  Stalker x2  
  110  9:42  Stalker x2  
  110  9:43  Stalker x2  
  110  9:44  Probe (Chrono Boost)  
  123  9:49  Probe (Chrono Boost)  
  124  10:00  Probe  
  125  10:12  Probe  
  126  10:15  Fleet Beacon  
  126  10:21  Void Ray  
  130  10:23  Robotics Facility  
  130  10:26  Pylon  
  129  10:29  Pylon  
  100  10:45  Stalker  
  100  10:46  Stalker x2  
  100  10:47  Stalker x2  
  100  10:48  Stalker  
  100  11:03  Carrier x2  
  112  11:07  Probe  
  105  11:19  Probe  
  106  11:31  Probe  
  105  12:06  Carrier  
  105  12:07  Carrier  
  117  12:10  Probe  
  118  12:17  Stalker x2  
  118  12:18  Stalker x3  
  118  12:19  Pylon  
  118  12:22  Probe  
  129  12:34  Probe  
Show
View Real Time Build Order
Export as new Build Order

MrFercho Zerg 

Build Orders: Pool First 

Get SALT Encoding   

  12  0:28  Drone x2  
  14  0:50  Extractor, Drone  
  14  0:52  Extractor, Drone  
  16  1:09  Spawning Pool  
  15  1:12  Hatchery  
  15  1:13  Extractor  
  15  1:17  Extractor, Overlord, Drone  
  13  1:27  Overlord  
  13  1:56  Zergling x2  
  13  1:57  Zergling x4  
  16  2:21  Drone x2  
  18  2:25  Drone  
  19  2:35  Drone  
  20  2:42  Metabolic Boost  
  20  2:55  Drone x4  
  24  3:18  Zergling x2  
  24  3:19  Zergling x6  
  28  3:27  Lair, Queen  
  30  3:34  Drone x4  
  34  3:49  Evolution Chamber  
  26  4:44  Zergling x2  
  26  4:45  Zergling x10  
  32  4:52  Baneling Nest  
  31  5:03  Drone x2  
  31  5:06  Hatchery  
  32  5:10  Extractor  
  32  5:11  Extractor  
  30  5:29  Hydralisk Den  
  30  5:30  Drone  
  30  5:31  Drone x5  
  35  5:45  Zergling x2  
  35  5:47  Overlord x3  
  35  5:48  Overlord  
  36  5:57  Baneling x8  
  36  5:58  Baneling x4  
  36  6:05  Zerg Ground Armor Level 1  
  36  6:16  Centrifical Hooks  
  36  6:19  Zergling x2  
  37  6:40  Queen  
  37  6:42  Drone x3  
  42  6:48  Zergling x8  
  42  6:49  Zergling x2  
  40  7:36  Zergling x4  
  37  7:37  Zergling x14  
  43  7:55  Pneumatized Carapace  
  43  7:56  Nydus Network  
  42  8:08  Drone x3  
  45  8:19  Baneling  
  45  8:20  Baneling x17  
  45  8:25  Zergling x10  
  45  8:26  Zergling x4  
  52  8:33  Overseer  
  52  8:37  Overseer  
  52  8:38  Overseer  
  52  8:50  Hydralisk  
  52  8:51  Hydralisk x4  
  62  8:59  Drone x2  
  64  9:11  Zerg Ground Armor Level 2  
  64  9:26  Zergling x2  
  64  9:27  Zergling x12  
  71  9:33  Overlord  
  71  10:05  Nydus Canal  
  68  10:31  Zergling x2  
  68  10:32  Zergling x16  
  47  11:40  Hydralisk  
  47  11:41  Hydralisk x8  
  63  12:00  Spore Crawler  
  63  12:01  Spore Crawler x2  
  60  12:02  Spore Crawler  
  60  12:03  Spore Crawler  
  60  12:05  Spore Crawler  
  60  12:07  Hydralisk x6  
  69  12:12  Spore Crawler x2  
  67  12:36  Spire  
  66  12:40  Hydralisk x5  
  76  13:03  Hydralisk  
  76  13:04  Hydralisk x2  
  46  13:32  Hydralisk  
  46  13:33  Hydralisk x8  
  53  13:45  Hydralisk  
  49  13:57  Mutalisk  
  49  13:58  Mutalisk x2  
Show
View Real Time Build Order
Export as new Build Order

TATORREA Protoss 

Build Orders:  

Get SALT Encoding   

  12  0:02  Probe  
  13  0:23  Probe  
  14  0:30  Pylon  
  14  0:35  Probe  
  15  0:48  Probe  
  16  1:00  Probe  
  16  1:01  Gateway  
  17  1:09  Assimilator  
  17  1:12  Probe  
  18  1:27  Gateway  
  18  1:34  Pylon  
  18  2:04  Probe  
  19  2:23  Probe  
  20  2:35  Probe  
  21  2:41  Assimilator  
  21  2:55  Probe, Cybernetics Core  
  22  2:58  Pylon  
  22  3:25  Zealot  
  22  3:26  Zealot  
  26  3:50  Warp Gate (Chrono Boost)  
  26  3:54  Gateway  
  26  3:58  Gateway  
  26  4:02  Stalker (Chrono Boost)  
  28  4:06  Stalker (Chrono Boost)  
  30  4:27  Stalker  
  32  4:33  Stalker  
  34  5:03  Sentry  
  34  5:06  Probe  
  37  5:15  Nexus  
  25  5:52  Stalker x2  
  25  5:53  Stalker x2  
  25  5:55  Probe  
  34  6:07  Probe  
  34  6:11  Pylon  
  35  6:14  Pylon  
  35  6:17  Pylon  
  35  6:18  Stalker  
  37  6:19  Zealot  
  39  6:27  Probe  
  40  6:38  Stalker  
  40  6:39  Stalker  
  44  6:43  Probe  
  44  6:44  Probe  
  46  6:55  Probe  
  46  6:57  Probe  
  48  7:08  Probe  
  48  7:09  Probe  
  50  7:21  Probe x2  
  46  7:33  Probe x2  
  36  7:45  Probe x2  
  36  7:47  Stalker x4  
  46  7:56  Twilight Council  
  46  7:58  Robotics Facility  
  46  8:00  Forge  
  46  8:14  Probe x2  
  46  8:18  Assimilator  
  48  8:20  Stalker x2  
  48  8:22  Assimilator  
  48  8:23  Stalker  
  54  8:27  Zealot  
  54  8:29  Probe  
  54  8:30  Probe  
  58  8:41  Protoss Ground Weapons Level 1, Probe  
  58  8:42  Probe  
  58  8:47  Charge (Chrono Boost)  
  60  8:52  Warp Prism  
  62  8:58  Stalker  
  64  9:03  Stalker  
  64  9:05  Stalker  
  64  9:09  Stalker  
  70  9:38  Stalker  
  70  9:39  Stalker x3  
  52  11:17  Stalker x3  
  52  11:18  Stalker  
  52  11:21  Protoss Ground Weapons Level 2  
  52  11:34  Stargate  
  52  11:36  Stargate  
  44  11:40  Stargate  
  44  11:47  Nexus  
  45  12:30  Phoenix (Chrono Boost)  
  40  12:59  Phoenix  
  34  13:24  Phoenix  
Tags
 
Add a new tag
Caveats
  • Supply blocks, unpowered buildings, or Contaminate may cause inaccurate times.
  • Supply counts are checked every 10 seconds.